 Dungeon Sprint DCSS version 0.17-a0-226-ge260c71 (webtiles) character file.

158 BluebellGnoll the Skirmisher (level 5, -2/43 HPs)
             Began as a High Elf Arcane Marksman on Mar 28, 2015.
             Was a Believer of Makhleb.
             Impaled on a porcupine's spines (9 damage)
             ... in the Dungeon (Sprint V: "Ziggurat Sprint").
             The game lasted 00:07:38 (479 turns).

BluebellGnoll the Skirmisher (HEAM)                  Turns: 479, Time: 00:07:39

Health: -2/43      AC:  2    Str: 16    XL:     5   Next: 16%
Magic:  13/14      EV: 18    Int: 18    God:    Makhleb [**....]
Gold:   0          SH:  0    Dex: 20    Spells: 4 memorised, 0 levels left

rFire  . . .     SeeInvis .     q - +7 Screaming Sword
rCold  . . .     Clarity  .     a - +0 robe
rNeg   . . .     SustAb   .     (no shield)
rPois  .         Gourm    .     (no helmet)
rElec  .         Spirit   .     (no cloak)
rCorr  .         Warding  .     (no gloves)
rMut   .         NoTele   +     (no boots)
MR     .....                    (no amulet)
Stlth  ++........               u - +6 ring of strength
                                p - +6 ring of dexterity

@: not resistant to hostile enchantments, unstealthy
A: no striking features
a: Minor Destruction, Renounce Religion


You were in the Dungeon.
You worshipped Makhleb.
Makhleb was pleased with you.
You were not hungry.

You visited 1 branch

Inventory:

Hand weapons
 q - the +7 Screaming Sword (weapon)
   (You found it in the Dungeon)
 t - the +7 longbow "Piercer" {penet, EV-2}
   (You found it in the Dungeon)

   Ammo fired by it will pass through the targets it hits, potentially hitting
   all targets in its path until it reaches maximum range.
   It affects your evasion (-2).
 O - a +5 triple sword
Missiles
 c - 1012 arrows
Armour
 a - a +0 robe (worn)
 L - a +5 fire dragon armour
 M - a +5 gold dragon armour
 N - a +5 ice dragon armour
Jewellery
 p - a +6 ring of dexterity (left hand)
 r - a +6 ring of intelligence
 s - a +6 ring of intelligence
 u - a +6 ring of strength (right hand)
Magical devices
 l - a wand of disintegration (7)
 m - a wand of fire (5)
 n - a wand of cold (5)
 o - a wand of draining (5)
Scrolls
 k - 4 scrolls of blinking
 x - 4 scrolls of amnesia
 y - 3 scrolls of recharging
 z - 7 scrolls of fog
 A - a scroll of holy word
 B - 5 scrolls of identify
 C - 5 scrolls of remove curse
 D - 2 scrolls of fear
Potions
 e - 10 potions of curing
 g - 10 potions of heal wounds
 h - 6 potions of haste
 i - 7 potions of magic
 j - 3 potions of berserk rage
 E - 2 potions of brilliance
 F - 2 potions of invisibility
 G - 2 potions of restore abilities
 H - 4 potions of resistance
 J - 5 potions of agility
 K - 5 potions of might
Books
 d - a book of Debilitation

   Spells                             Type                      Level
   a - Corona                         Hexes                        1
   b - Slow                           Hexes                        2
   c - Inner Flame                    Hexes/Fire                   3
   d - Enslavement                    Hexes                        4
   e - Cause Fear                     Hexes                        4
   f - Leda's Liquefaction            Hexes/Earth                  4
Comestibles
 f - 5 bread rations
 v - 42 fruits
 w - 4 meat rations


   Skills:
 - Level 7.4 Fighting
 + Level 6.0 Bows
 - Level 7.0 Dodging
 - Level 3.2 Spellcasting
 + Level 4.9 Hexes


You couldn't memorise any spells.
You knew the following spells:

 Your Spells              Type           Power        Failure   Level  Hunger
a - Corona                Hex            ###....      1%          1    None
b - Slow                  Hex            ###.....     3%          2    ##.....
c - Inner Flame           Hex/Fire       ##......     21%         3    ###....
d - Cause Fear            Hex            ###.......   24%         4    ####...


Dungeon Overview and Level Annotations

Branches:
Dungeon (1/1)

Altars:
Ashenzari
Cheibriados
Dithmenos
Elyvilon
Fedhas
Gozag
Kikubaaqudgha
Makhleb
Nemelex Xobeh
Okawaru
Qazlal
Ru
Sif Muna
Trog
Vehumet
Xom
Yredelemnul
Zin
The Shining One
Beogh
Jiyva
Lugonu


Message History

Firing (i - inventory):
c - 1013 arrows (quivered)
Press: ? - help, Shift-Dir - straight line, f/p - yak
Aim: a yak (severely wounded)
You shoot an arrow. The arrow barely misses the sheep.
The arrow pierces through the yak.
The yak is severely wounded.
The porcupine completely misses you. The sheep bites you.
* * * LOW HITPOINT WARNING * * *
The river rat closely misses you. The porcupine barely misses you.
The yak misses you. The sheep closely misses you.
Wield which item (- for none, * to show all)? (? for menu, Esc to quit)
The Singing Sword hums in delight!
q - the +7 Singing Sword (weapon)
The Screaming Sword emits a flourish of trumpets.
The yak, the sheep, the porcupine and the river rat are hurt by the noise.
The porcupine bites you.
* * * LOW HITPOINT WARNING * * *
The river rat barely misses you.
You are struck by the porcupine's spines.
You die...

▓▓▓▓▓▓▓▓▓▓▓▓▓▓▓▓▓▓▓
▓(8©8.▓.8©8.▓.8©8.▓
▓.(=(.▓.):=.▓.....▓
▓..|..▓.....▓.|.).▓
▓(....▓.....▓.....▓
▓.....▓.....▓.†...▓
▓..rYY▓.....▓.....▓
▓..r@.▓.....▓▓▓▓▓▓▓
▓▓▓▓▓▓▓▓▓▓▓▓▓


You could see a yak, a porcupine, a sheep and a river rat.

Vanquished Creatures
  A phantom (D)
  A scorpion (D)
  A giant mite (D)
  A bat skeleton (D)
  A bat zombie (D)
5 creatures vanquished.

Notes
Turn   | Place    | Note
--------------------------------------------------------------
     0 | D        | BluebellGnoll, the High Elf Arcane Marksman, began the quest for the Orb.
     0 | D        | Reached XP level 1. HP: 13/13 MP: 3/3
     0 | D        | Found a viscous altar of Jiyva.
     0 | D        | Found a corrupted altar of Lugonu.
     0 | D        | Found a white marble altar of Elyvilon.
     2 | D        | Found a sparkling altar of Nemelex Xobeh.
     2 | D        | Found a burning altar of Makhleb.
     2 | D        | Found a deep blue altar of Sif Muna.
     3 | D        | Found a bloodstained altar of Trog.
     6 | D        | Found an iron altar of Okawaru.
    17 | D        | Found a radiant altar of Vehumet.
    22 | D        | Found a basalt altar of Yredelemnul.
    23 | D        | Found a shimmering altar of Xom.
    53 | D        | Reached skill level 7 in Fighting
    53 | D        | Reached XP level 2. HP: 16/27 MP: 4/4
    60 | D        | Learned a level 2 spell: Slow
    83 | D        | Became a worshipper of Makhleb the Destroyer
   176 | D        | Entered arena 1.
   176 | D        | Noticed a scorpion
   183 | D        | Killed a scorpion
   183 | D        | Acquired Makhleb's first power
   183 | D        | Reached XP level 3. HP: 20/32 MP: 6/6
   183 | D        | Reached XP level 4. HP: 23/38 MP: 9/9
   307 | D        | Entered arena 2.
   307 | D        | Noticed a phantom
   323 | D        | Killed a phantom
   323 | D        | Reached XP level 5. HP: 22/43 MP: 10/14
   327 | D        | Acquired Makhleb's second power
   340 | D        | Identified the Disquisition on Conjuration (You found it in the Dungeon)
   345 | D        | Learned a level 3 spell: Inner Flame
   350 | D        | Learned a level 4 spell: Cause Fear
   351 | D        | Identified the Disquisition on Conjuration (You found it in the Dungeon)
   470 | D        | Entered arena 3.
   470 | D        | Noticed a yak
   470 | D        | Noticed a porcupine
   479 | D        | Impaled on a porcupine's spines

Action                   |  1- 3 |  4- 6 || total
-------------------------+-------+-------++-------
Melee: Double sword      |       |     4 ||     4
 Fire: Longbow           |     5 |    19 ||    24
 Cast: Slow              |       |     1 ||     1
  Use: Potion            |     1 |       ||     1
